[Event "44th Chess Olympiad Open 2022"]
[Site "Chennai"]
[Date "2022.08.01"]
[Round "4.40"]
[White "Ferreira, Jorge Viterbo"]
[Black "Wanyama, Harold"]
[Result "1-0"]
[WhiteElo "2499"]
[BlackElo "2242"]
[Annotator "TA"]
[PlyCount "43"]
[EventDate "2022.??.??"]
[TimeControl "60"]

1. c4 e5 2. g3 Nf6 3. Bg2 d5 4. cxd5 Nxd5 5. Nf3 Nc6 6. O-O Nb6 7. b3 {[%emt 0:00:19] A20: English Opening: 1...
e5.} Be7 {[%emt 0:00:07] 7...Be6 is more advanced technology.} 8. Bb2 Bf6 (8... f6 $11) 9. Nc3 $16 {[%emt 0:00:00] White is
better.} Bf5 {[%emt 0:07:14] Against Ne4} 10. Ne1 {[%emt 0:00:30] [#]} Qd7 $146 ({Predecessor:} 10... e4 11. d3 exd3 12. e4 Bg6 13. Nxd3 O-O
14. Re1 Bd4 15. Rc1 Qf6 16. e5 Qf5 {1-0 (42) Flatz,H (2318) -Beckett,P (1886)
ICCF email 2019}) 11. Ne4 Be7 {[%emt 0:00:00] Inhibits Nc5.}
12. Nd3 O-O-O $1 13. Rc1 ({
But not} 13. Nxe5 Nxe5 14. Bxe5 Qe6 $15) 13... f6 14. b4 (14. f4 $14) 14... Bxe4 $11 15. Bxe4 {[%emt 0:
00:17][%cal Yc1c6] aiming for Rxc6!} Nxb4 16. Nxb4 Bxb4 17. Qb3 (17. Qc2 $11 Qe7 18.
Rfd1) 17... Bd6 $2 {[%emt 0:15:56] [#] This costs Black the game.} (17... Bxd2
$17 {stays on course.} 18. Rc2 Qa4 19. Bf5+ (19. Qf7 Rd7 $17) 19... Kb8) 18.
Qf3 $1 $18 {[%emt 0:01:13] And now Bf5 would win.} Kb8 19.
Bxb7 Qe6 20. Bc6 {[%emt 0:11:05] This bishop
pair is nice.} Qxa2 21. Ra1 Qxb2 {[%emt 0:03:
30] [#]} (21... Qe6 22. Bc3 Be7) 22. Qd3 $1 {[%emt 0:00:18] Weighted Error
Value: White=0.15 (very precise) /Black=0.50} 1-0

[Event "44th Chess Olympiad Open 2022"]
[Site "Chennai"]
[Date "2022.08.01"]
[Round "4.40"]
[White "Kawuma, Patrick"]
[Black "Galego, Luis"]
[Result "1/2-1/2"]
[WhiteElo "2270"]
[BlackElo "2462"]
[Annotator "TA"]
[PlyCount "66"]
[EventDate "2022.??.??"]
[TimeControl "60"]

1. c4 Nf6 2. Nf3 d6 3. Nc3 Bg4 4. d4 Bxf3 5. gxf3 Nbd7 6. f4 {[%emt 0:08:00] A53: Old Indian Defence without Nf3.} c6 7. Bg2 {[%emt 0:09:41] [#]} Nb6 $146 ({
Predecessor:} 7... g6 8. O-O Bh6 9. Rb1 Nh5 10. e3 Nb6 11. Qe2 O-O 12. Rd1 d5
13. c5 Nc8 {½-½ (22) Mareco,S (2557)-Anurag,M (2401) Albena 2013}) 8. Qd3 d5 9. b3 (9. cxd5 $14 {
feels stronger.} Nfxd5 10. O-O) 9... e6 $11 10. O-O g6 11. c5 Nc8 12. b4 a6 13. a4 Bg7 14. Bd2 O-O 15. b5 Ne7 16. Rfb1 Qc7 17. bxa6 (17. bxc6 $14 {deserves
consideration.} Nxc6 18. e3) 17... Rxa6 18. Ra2 Nd7 19. Rab2 Ra7 20. e3 Nf5 21. a5 Nh4 22. Bh1 h6 23. Be1 Qc8 24. Ne2 Nf5 25. Qd1 Kh7 26. Bg2 f6 (26... Nh4 $11) 27. Ng3 Nh4 28. Bh3 {[%emt 0:02:34] White is slightly better.} f5 29. Bf1 Rf7 30. Bd3 Bf6 31. Qe2 Bd8 32.
Ra2 Nb8 33. Rba1 {[%emt 0:02:10] White is
more active.} Na6 {[%emt 0:00:18] Weighted Error Value: White=0.10 (very
precise) /Black=0.11 (very precise)} 1/2-1/2

[Event "44th Chess Olympiad Open 2022"]
[Site "Chennai"]
[Date "2022.08.01"]
[Round "4.40"]
[White "Nsubuga, Haruna"]
[Black "Santos, Jose Guilherme B Li"]
[Result "0-1"]
[WhiteElo "2160"]
[BlackElo "2361"]
[Annotator "TA"]
[PlyCount "78"]
[EventDate "2022.??.??"]
[TimeControl "60"]

1. d4 Nf6 2. c4 e6 3. a3 d5 4. e3 Be7 5. Nc3 O-O 6. cxd5 {[%emt 0:
00:00] E00: Catalan Bogo-Indian (3 g3 Bb4+).} exd5 7. Bd3 c5 {[%emt 0:00:27] [#]} 8. Nge2 $146 {[%emt 0:00:34] The
position is equal.} ({Predecessor:} 8. dxc5 Bxc5 9. Na4 Bd6 10. Ne2 Bd7 11. Nd4
Nc6 12. Be2 Ne4 13. Nxc6 Bxc6 14. b4 {0-1 (41) David,L-Boka,R Hungary 2002})
8... Nc6 9. Bc2 Bg4 10. f3 Bh5 11. dxc5 Bxc5 12. b4 Bb6 13. Nb5 (
13. Na4 $15) 13... Re8 $17 14. Kf2 {[%emt 0:01:46] Loses the
game.} (14. Nbd4 $17) 14... Ne5 15. Nbd4 (15.
h3 {is a better defense.}) 15... Neg4+ 16. fxg4 $2 (16. Kf1) 16... Nxg4+ $19 17. Ke1 Nxe3 18. Bxe3 Rxe3 19. Nf3 Bxf3 {[%emt 0:21:39] [#] Remove Defender} 20. gxf3 Qh4+ 21. Kd2 Rae8 {[%emt 0:00:00]
aiming for ...Qc4.} 22. Re1 Qc4 {[%emt 0:00:10][%cal Ye3d3]
Strongly threatening ...Rd3+!} 23. Kc1 Rxe2 24. Rxe2 Rxe2 25. Ra2 Rf2 26. Rb2 Rf1 27. Rb3 Rxd1+ 28. Kxd1 Qf1+ 29. Kd2 Qf2+ 30. Kc1 Be3+ 31. Kb1 Bd4 (31... Qf1+ $142
32. Ka2 Bd4 33. Rd3 Qa1+ 34. Kb3 Qb2+ 35. Ka4 Qxc2+ 36. Rb3 b5+ 37. Kxb5 Qc4+
38. Ka5 Bb6+ 39. Ka4 Qa6#) 32. Rd3 Qf1+ 33.
Rd1 Qc4 {[%emt 0:00:02] Threatens to win with ...Qc3.} 34. Rd3
{[%emt 0:01:06] Inhibits Qc3.} g6 35. Kc1 {[%emt 0:00:31] [#]}
Qa2 $1 {[%emt 0:00:08] ...Qb2+ is the strong threat.} 36. a4 (
36. f4 Bb2+) 36... Qa1+ (36... Qb2+ $142 37. Kd2 Be5 38. Kd1
Bc3 39. Rxc3 Qxc3 40. f4 Qd4+ 41. Ke2 Qxf4 42. Kd3 Qxh2 43. Bb1 Qg3+ 44. Kd2 h5
45. b5 h4 46. a5 h3 47. b6 axb6 48. Ba2 Qg2+ 49. Ke3 h2 50. Kd4 h1=Q 51. axb6
Qxa2 52. Ke5 Qc4 53. Kf6 Qhh4+ 54. Ke5 Qhf4#) 37. Kd2 Kg7 {
[%emt 0:00:55] Hoping for ...Be5.} 38. b5 Bb6 39. Bd1 Qb2+ {[%emt 0:00:08] Weighted Error Value: White=1.17/
Black=0.15 (very precise)} 0-1

[Event "44th Chess Olympiad Open 2022"]
[Site "Chennai"]
[Date "2022.08.01"]
[Round "4.41"]
[White "Keinanen, Toivo"]
[Black "Nezad Husein Aziz"]
[Result "1-0"]
[WhiteElo "2477"]
[BlackElo "2412"]
[Annotator "TA"]
[PlyCount "119"]
[EventDate "2022.??.??"]
[TimeControl "60"]

1. d4 d5 2. Nf3 Nf6 3. e3 c5 4. Be2 Nc6 5. O-O Bg4 6. h3 {[%emt 0:04:47] D04: Colle System.}
Bh5 7. dxc5 e6 8. a3 {
[%emt 0:00:01] The position is equal.} Bxc5 9. b4 Be7 10. Bb2 O-O 11.
Nbd2 a5 12. b5 Nb8 13. c4 Nbd7 {[%emt 0:00:
03] [#]} 14. a4 $146 ({Predecessor:} 14. Rc1 a4 15. cxd5 exd5
16. Nb1 {½-½ (16) Kurtenkov,A (2453)-Gusev,O (2503) ICCF email 2019}) 14...
Bb4 15. cxd5 Nxd5 16. Nc4 Qe7 17. Nfe5 Bxe2 18. Qxe2 Nc5 19. Nd3 Nxd3 20. Qxd3 Rfd8 21. Qb3 {[%emt 0:01:54] Against Nc3} Rac8 22. Rfd1 h6 23. Rac1 Nf6 24. Ne5 Rxd1+ 25. Qxd1 Rd8 26. Qb3 Ne4 27. Qc2 Nc5 28. Bd4 Rd5 29. Nd3 Nxd3 30. Qxd3 {[%emt 0:00:02] And now Rc8+ would win.}
Qd7 {[%emt 0:04:08] Inhibits Rc8+.} (30... Bc5 $11) 31. Qc4 {[%emt 0:03:41]
White is more active.} e5 32. Qc8+ Qxc8 33. Rxc8+ $14 {[%emt 0:00:01] Endgame KRB-KRB} Kh7 34. Bb6 (34. Ba7 $5 ) 34... Rd1+ 35. Kh2 e4 (35... f6 $11 {keeps the
balance.}) 36. g3 Rd2 37. Kg2 Ra2 38. Rc7 Kg6 39. Rxb7 Be1 40. Kf1 Bxf2 41. Re7 $1 Bxg3 42.
Rxe4 {[%emt 0:01:09] Hoping for Rg4+.} f5 {[%emt 0:03:53] Against Rg4+} 43. Rc4 Kh5 44. Bxa5 g5 $1 45. Bd8 (45. Bb6 $14 Rf2+ 46. Kg1) 45... Rf2+ 46. Kg1 {[%emt 0:00:12] Strongly threatening Bc7.} Rb2 $2 {
[%emt 0:00:06] [#]} ({Black should play} 46... Ra2 $14) 47. Bf6 $1 $18 Rd2 48. b6 (48. Bc3 $16 Rc2
49. Rc6) 48... f4 $11 49. exf4 Kh4 50. Rc3 Bf2+ 51. Kf1 Bxb6 52. fxg5 hxg5 {[%emt 0:00:13] aiming
for ...Rf2+.} 53. Be5 Rf2+ 54. Ke1 {[%emt 0:
00:07] Bg3+ is the strong threat.} Rg2 {[%emt 0:01:06] [#] Prevents Bg3+.} (
54... Ra2 $11 {and Black stays safe.} 55. Bg3+ Kh5) 55. Rc6 $1 $18 Rg1+ $2 (55... g4 56. Rxb6 gxh3) 56. Ke2 Rg2+ 57. Kd3 Kxh3 58. Rxb6 Ra2 59. Ra6 {[%emt 0:00:20] White threatens Ra8 and mate.} g4 60.
Rh6+ {[%emt 0:00:38] Weighted Error Value: White=0.08 (flawless) /Black=0.46}
1-0

[Event "44th Chess Olympiad Open 2022"]
[Site "Chennai"]
[Date "2022.08.01"]
[Round "4.41"]
[White "Nyysti, Sampsa"]
[Black "Yousuf M M Al Mutawa"]
[Result "1-0"]
[WhiteElo "2363"]
[BlackElo "2120"]
[Annotator "TA"]
[PlyCount "101"]
[EventDate "2022.??.??"]
[TimeControl "60"]

1. e4 e6 2. d4 d5 3. e5 c5 4. c3 Nc6 5. Nf3 cxd4 6. cxd4 Bb4+ {[%emt 0:00:22] 6...Nge7 gains popularity.} 7. Bd2 Bxd2+ 8. Qxd2 {[%emt 0:00:10] C02: French: Advance Variation.} Nge7 9. Nc3 a6 10. Bd3 {[%emt 0:
00:00] White is slightly better.} b5 11. O-O {[%emt 0:01:14] 
[#]} Ng6 $146 ({Predecessor:} 11... Bd7 12. Qg5 Qb6 13. Ne2
O-O-O 14. a4 b4 15. a5 Qa7 16. Nc1 f6 17. Qxg7 Rhg8 {1-0 (31) Slaby,J (2453)
-Garcia Blanco,O (2044) La Laguna 2007}) 12. g3 f5 13. h4 Bd7 ({
Better is} 13... h6) 14. Ne2 (14. h5 $142 Nge7 15. h6) 14...
O-O 15. Kg2 Qa5 16. Qe3 Nb4 17. Bb1 Rac8 18. h5 Nh8 19. Nc3 Qb6 {[%emt 0:05:51] [#]} (19... Nf7 $16 {is a better defense.}) 20. Rh1 (20. g4 $1 $18) 20... Nc6 21. Rh4 Ne7 22. Bd3 Nf7 23.
Ne2 Nh6 24. Qg5 Qd8 {[%emt 0:01:23] Black is on the road to losing.} (
24... Nc6 $14) 25. Qd2 $16 Nc6 26. Nf4 Qe7 27. a3 Qd8 28. b4 {[%emt 0:03:14] White is more active.} Qb6 29. Be2 Rc7 30. Nd3 Bc8 31. Nc5 a5 32. Rb1 axb4 33. axb4 f4 $2 (33... Ra7
34. Ng5 Nb8) 34. Rxf4 $18 Rxf4 35. Qxf4 Rf7 36. Qd2 Nf5 37. g4 Nfe7 38. Ng5 Rf8 39. Qd3 g6 40. Qh3 {[%emt 0:00:39] White threatens hxg6 and
mate.} Qa7 {[%emt 0:02:29] [#]} 41. Nxh7 $1 Kxh7 (41... Rd8 42. Bd3) 42. hxg6+ Kxg6 43.
Bd3+ Nf5 44. gxf5+ exf5 45. Kh2 {[%emt 0:00:00] White mates.} Qa2 46.
Rg1+ Kf7 47. Qh5+ Ke7 48. Rg7+ Kd8 49. Qg5+ Ke8 50. Qg6+ Kd8 51. Qd6+ {[%emt 0:00:00] Weighted Error Value: White=0.10 (very precise) /
Black=0.54} 1-0

[Event "44th Chess Olympiad Open 2022"]
[Site "Chennai"]
[Date "2022.08.01"]
[Round "4.41"]
[White "Al-Sulaiti, Ghanem"]
[Black "Sipila, Vilka"]
[Result "1/2-1/2"]
[WhiteElo "2183"]
[BlackElo "2416"]
[Annotator "TA"]
[PlyCount "112"]
[EventDate "2022.??.??"]
[TimeControl "60"]

1. e4 e6 2. d4 d5 3. Nc3 Bb4 4. e5 c5 5. Bd2 Ne7 6. Nb5 Bxd2+ 7. Qxd2 O-O 8. c3 a6 {[%emt 0:01:09] C17: French: 3 Nc3 Bb4 4 e5
c5 sidelines.} 9. Nd6 cxd4 10. cxd4 Nbc6 11. f4 Nf5 (
11... Qb6 $11) 12. Nxf5 $14 exf5 13. Nf3 Be6 14. Be2 {[%emt 0:00:27] [#]} a5 $146 ({Predecessor:} 14... Rc8 15. Rc1 Qa5 16. Qxa5 Nxa5 17. Kf2 Nc4
18. b3 Na3 19. Bd3 a5 20. Ke3 Rxc1 21. Rxc1 Rc8 22. Kd2 Rxc1 23. Kxc1 b5 24.
Ng5 b4 25. Nxe6 fxe6 26. h3 {½-½ (26) Shalamberidze,A (2406)-Avetisian,M 
(2332) Rustavi 2014}) 15. O-O a4 16. Bb5 (16. Rac1 $16) 16... Na5 17. Bxa4 Nc4 18. Qb4 Qa5 19. Qxa5 Rxa5 20. Bc2 Rfa8 21. a4 Ne3 22. Rfc1 Nxc2 23. Rxc2 Rxa4 24. Rxa4 Rxa4 {[%emt 0:00:06] Endgame KRB-KRN} 25. Kf2 Kf8 26. Ke3 h6 27. Kd3 Ke8 28. Rc3 Bd7 29. Ra3 {[%emt 0:01:33] Inhibits Ra1.} Bb5+ 30. Kc2 Rc4+ 31. Rc3 Rb4 32. Rc5 Ba4+ 33. Kc1 Bc6 34. Kc2 Ra4 35. Kb3 Ra1 36. Kb4 Kd7 37. Rc2 Rd1 38. b3 Kc7 39. Ra2 Rd3 (39... Bd7 $11 {keeps the balance.}) 40. Ra8 $1 $16 Bd7 41. Rg8 ({White
should try} 41. Rh8 $1 $16 ) 41... g6 $11 42.
Rh8 (42. h4 $5 ) 42... g5 {[%emt 0:00:29] [#]} (
42... h5 $11) 43. fxg5 (43. Rxh6 g4 44. Ng5 Rxd4+ 45. Kc5 Rxf4
$16) (43. Rh7 $1 $16 ) 43... hxg5 $14 44. Nxg5 (44. Rh7 $1 $14) 44... Rxd4+ $11 45. Kc3 (45. Kc5 $2 Rg4 46. e6 (46. Nxf7 $2 Bc6 $19) 46... fxe6 47.
Nxe6+ Bxe6 $19) 45... Rg4 46. Nxf7 d4+ 47. Kc4 f4 {[%emt 0:09:46]
Threatens to win with ...Be6+.} 48. Nd6 (48. Kxd4 $2 f3+ 49.
Kd5 fxg2 $19) 48... Be6+ 49. Kd3 {[%emt 0:00:00] Black must
now prevent Nb5+.} ({Wrong is} 49. Kxd4 $2 f3+ 50. Kc5 fxg2 51. Rh7+ Kb8 52.
Rxb7+ Ka8 $19) 49... Kc6 {[%emt 0:00:28] Inhibits Nb5.} 50. Ne4 {[%emt 0:03:47]
aiming for Rh6.} (50. Kxd4 f3+ 51. Kd3 fxg2 52. Rc8+ Bxc8 53. h3 Rg3+ 54. Kc2 {
[#]} g1=Q $1 55. Ne4 Bf5 56. Kb2 Bxe4 57. Ka3 Qc5+ 58. Kb2 Rg2+ 59. Ka1 Qxe5#)
({Of course not} 50. Rh6 Kd5 51. Ke2 d3+ 52. Kxd3 Rxg2 $15) 50... Rxg2 51. Kxd4 {[%emt 0:00:00] Hoping for Rh6.} Bxb3 52. Rh6+ Kc7 53. Rh7+ Kc6 54. Rh6+ Kc7 55. Rh7+ Kc6 56. Rh6+ Kc7 {[%emt 0:00:
13] Weighted Error Value: White=0.14 (very precise) /Black=0.16 (very precise)}
1/2-1/2

[Event "44th Chess Olympiad Open 2022"]
[Site "Chennai"]
[Date "2022.08.01"]
[Round "4.41"]
[White "Erfan Mohamad Firdaus"]
[Black "Koykka, Pekka"]
[Result "0-1"]
[WhiteElo "1294"]
[BlackElo "2361"]
[Annotator "TA"]
[PlyCount "56"]
[EventDate "2022.??.??"]
[TimeControl "60"]

1. e4 d5 2. exd5 Qxd5 3. d4 Nc6 4. c3 e5 5. Qf3 {
[%emt 0:16:32] [#]} Be6 $146 ({Predecessor:} 5... Nf6 6. Qxd5
Nxd5 7. Bc4 Be6 8. dxe5 Nxe5 9. Be2 Bd6 10. Nf3 O-O 11. Nxe5 Bxe5 12. O-O Nf4
13. Bxf4 Bxf4 14. Bf3 c6 15. Na3 Rad8 16. b3 {½-½ (16) Schillig,S (1695)
-Janeke,T (1695) Magdeburg 2020}) 6. Qxd5 {[%emt 0:03:32] B01: Scandinavian
Defence.} Bxd5 7. dxe5 Nxe5 8. f3 {[%emt 0:05:48] Black is better.} O-O-O {[%emt 0:02:01]
Black is much more active.} 9. Be3 (9. Bf4 $142) 9... Re8 10. Kf2 (10. Kd2 $17) 10... Nf6
$19 11. h3 {[%emt 0:01:34] [#] Prevents Neg4+.} (11. Be2 $142)
11... h5 $1 12. Nd2 {[%emt 0:01:26] [#]} h4
$1 {[%emt 0:00:57] ...Nh5 is the strong threat.} 13. c4 Bc6 {
[%emt 0:00:49] Strongly threatening ...Nh5.} 14. Be2 $2 (14.
Bd4) 14... Nh5 {[%emt 0:05:38] aiming for ...Ng3.} 15. Nf1 {[%emt 0:23:12]
Against Ng3} (15. f4 {keeps fighting.} Ng3 16. Ngf3) 15... Ng6 16. Bd4 Ngf4 {[%emt 0:06:12] Hoping for ...Rh6.}
17. Rd1 Rh6 18. Bd3 Rd6 19. Bf5+ Kb8 {[%emt 0:01:31][%cal Yd6d4]
White must now prevent ...Rxd4!} 20. b4 Red8 21. Bxa7+ Kxa7 22. Rb1 Rd1 {
[%emt 0:00:41][%cal Yf8b4] ( -> ...Bxb4!)} 23. Rb3 {[%emt 0:00:29] [#]} Rxf1+
$1 24. Kxf1 Ng3+ 25. Ke1 Nxh1 {[%emt 0:00:24] Pair of Knights!} (25... Bxb4+ $142 26.
Rxb4 Nxg2+ 27. Kf2 Rd2+ 28. Ne2 Rxe2+ 29. Kg1 Ne1 30. Ra4+ Bxa4 31. Bh7 Nxf3#)
26. Ne2 {[%emt 0:00:56] Black is clearly winning.} Nxe2 27.
Kxe2 Ng3+ 28. Kf2 Nxf5 {
[%emt 0:00:07] White got outplayed after the opening. Weighted Error Value:
White=1.04/Black=0.51} 0-1

[Event "44th Chess Olympiad Open 2022"]
[Site "Chennai"]
[Date "2022.08.01"]
[Round "4.42"]
[White "Tin, Jingyao"]
[Black "Mirzaad, S.wahabuddin"]
[Result "1-0"]
[WhiteElo "2552"]
[BlackElo "1999"]
[Annotator "TA"]
[PlyCount "67"]
[EventDate "2022.??.??"]
[TimeControl "60"]

1. d4 d5 2. c4 c6 3. Nf3 Nf6 4. Nc3 dxc4 5. a4 Bf5 6.
Ne5 e6 7. f3 (7. g3 {
looks sharper.} c5 8. Bg2 cxd4 9. Bxb7 Qc7 10. Bxa8 Qxe5 11. Nb5) 7... h6 {
[%emt 0:02:55] D17: Slav Defence: 5 a4 Bf5: Lines with 6 Nh4 and 6 Ne5.} (7...
Bb4 $11) 8. e4 $14 Bh7 9. Be3 Nbd7 {[%emt 0:00:36] White is slightly better.} 10. Nxc4 {[%emt 0:01:18]
White is more active.} (10. Bxc4 Nxe5 11. dxe5 Nd7 $11) 10... Bb4 11. Be2 O-O 12. O-O {[%emt 0:01:46] [#]}
Qe7 $146 {[%emt 0:02:49] [#]} (12... Nb6 $142) ({Predecessor:} 12... a5 13. Qb3
c5 14. Rfd1 cxd4 15. Bxd4 Qe7 16. Na2 Bc5 17. Bxc5 Qxc5+ 18. Kh1 Rfd8 {½-½ 
(106) Plischki,S (2391)-Cerveny,M (2350) Czech Republic 2019}) 13. Na2 $1 $16 b5 (13... Nb6 $142) 14. Nxb4 $18 Qxb4 15. Bd2 Qe7 16.
Na5 Rfc8 17. axb5 cxb5 18. Bxb5 Nb6 19.
Bc6 (19. Nc6 Qd7 20. Qc2 a6 $18) 19... Qd6 20. Bxa8 {[%emt 0:00:56] A strong pair of Bishops.} Qxd4+ 21.
Kh1 Rxa8 22. Bc3 Qc5 23. Qd4 Qc7 24. Rfd1 Ne8 25. Nb3 f5 26. Nc5 fxe4 27. fxe4 (
{Resist} 27. Nxe6 Qe7 28. Nf4 (28. fxe4 Qxe6 29. e5 Bc2 $11) 28... Qf7) 27...
Qc6 28. Qe5 {[%emt 0:02:03] [#] aiming for Rd3.} Nf6 $2 (28... Bg6 29. Ra6 Bf7) 29. Rd6 Qc8 30. Rxe6 ({Weaker is} 30. Rxb6 axb6 31. Qxe6+ (31.
Rxa8 Qxa8 32. Qxe6+ Kh8 $11) 31... Kh8 32. Qxc8+ Rxc8 $11) 30... Qf8 31. Rf1 {[%emt 0:02:47][%cal Re6f6] Intending Rexf6 and mate.} Rc8 32. Re7 (32. Rfxf6 $142 gxf6 33. Rxf6 Qg7 34.
Qe6+ Kh8 35. Rf7 Rg8 36. Qxh6 Nc8 37. Bxg7+ Rxg7 38. Qxg7#) 32... Bg6 33. Rxf6 gxf6 34. Qe6+ {[%emt 0:00:
00] Black did not feel at home in the position after the opening. Weighted
Error Value: White=0.36/Black=0.89} 1-0

[Event "44th Chess Olympiad Open 2022"]
[Site "Chennai"]
[Date "2022.08.01"]
[Round "4.42"]
[White "Gong, Qianyun"]
[Black "Sakhawaty, Sepehr"]
[Result "0-1"]
[WhiteElo "2275"]
[BlackElo "1809"]
[Annotator "NA RC"]
[PlyCount "86"]
[EventDate "2022.??.??"]
[TimeControl "60"]

1. e4 c5 2. Nc3 d6 3. f4 Nc6 4. Nf3 g6 5. Bc4 Bg7 6. O-O e6 7. d4 cxd4 8. Nb5 Nge7 9. Bb3 O-O 10. Nbxd4 d5 11. e5 a6 12. c3 Bd7 13. Be3 Na5 14. Bc2 Rc8 15.
Qe1 Nc4 16. Bc1 b5 17. Kh1 Nc6 18. b3 N4a5 19. Ba3 Nxd4 20. Nxd4 Re8 21. Rd1 Nb7 22. Rf3 Qa5 23. Bb4 Qb6 24. Rh3 a5 25. Ba3 Nc5 26. Qh4 h6 27.
Qe1 Rc7 28. Rg3 Rec8 29. h3 Rb7 30. Bb2 b4 31. Bb1 Rbc7 32.
Re3 Nb7 33. cxb4 axb4 34. g4 Nc5 35. f5 exf5 36. gxf5 Ne4 37. Bxe4 dxe4 38. Qh4 Bxe5 39. fxg6 fxg6 40. Qxh6 Qf6 41. Rg1 Be8 42. Rxe4 Rc2 43. Re2 Rxe2 0-1

[Event "44th Chess Olympiad Open 2022"]
[Site "Chennai"]
[Date "2022.08.01"]
[Round "4.42"]
[White "Amini, Habibullah"]
[Black "Siddharth, Jagadeesh"]
[Result "0-1"]
[WhiteElo "2035"]
[BlackElo "2426"]
[Annotator "TA"]
[PlyCount "106"]
[EventDate "2022.??.??"]
[TimeControl "60"]

1. d4 d5 2. Bf4 c5 3. e3 Nc6 4. c3 Qb6 5. Qb3 c4 6. Qc2 {[%emt 0:00:
00] D00:1 d4 d5: Unusual lines.} e5 $1 {[%emt 0:00:33] is now more promising
than 6...Bf5.} 7. dxe5 Bf5 8. Qc1 {[%emt 0:
02:28] White has an edge.} (8. Qxf5 $2 Qxb2 9. e6 fxe6 10. Qxe6+ Be7 $19) 8...
g5 9. Bg3 (9. Bxg5 $5 Nxe5 10.
Nf3 Nxf3+ 11. gxf3 $11) 9... h5 10. h3 Bg7 11. Nf3 Nh6 12. Nbd2 h4 13. Bh2 g4 14. Nd4 (14. Nxh4 $11 Be6 15. e4) 14... Bg6 (14... g3 $1 $15 15. fxg3 Bxe5) 15. hxg4 Nxg4 {[%emt 0:01:36]
[#]} 16. Nxc6 $146 ({Predecessor:} 16. N2f3 Ncxe5 17. Nxe5
Bxe5 18. Bxe5 Nxe5 19. Qd2 O-O-O 20. b3 Kb8 21. bxc4 dxc4 22. a4 {1-0 (64)
Kamsky,G (2685)-Vega Gutierrez,S (2395) chess24.com INT 2019}) 16... bxc6 17. Nf3 Bh6 (17... Nxh2 {
should be considered.} 18. Rxh2 Be4) 18. Bg1 $11 Be4 19. Rxh4 Bxf3 {[%emt 0:03:21] Remove Defender} 20.
gxf3 Nxe5 21. Be2 O-O-O (21... Qd8 $142 22. Rh3 Qb6) 22. Qc2 $16 Rdg8 23. Qf5+ $2 (23. Bh2 Bxe3 $1 24. Rxh8 Rxh8
25. Bxe5 Bxf2+ 26. Kf1 Rh1+ 27. Kg2 Rxa1 $17) (23. Kf1 $1 $16 {is necessary to
keep the advantage.}) 23... Nd7 $17 {[%emt 0:00:24] Black is more active.} 24.
Kf1 {[%emt 0:04:11] b3 is the strong threat.} (24. O-O-O $2 Bxe3+ $1 25. Kb1
Rxh4 $19) 24... Qxb2 25. Re1 ({
Of course not} 25. Rb1 Rxg1+ $1 26. Kxg1 Qxe2 27. Qxf7 Qc2) 25... Qxc3 26. Bh2 {[%emt 0:00:13] [#]} (26. Rg4 $17) 26...
Qf6 {[%emt 0:07:34] The board is on fire.} (26... Bxe3 $1 $19 27. Qxf7 Bb6) 27.
Qxf6 Nxf6 28. Be5 Bg5 29. Rxh8 Rxh8 30. Kg2 {
[%emt 0:00:16] Against Rh1} Rg8 {[%emt 0:01:10] White must now prevent ...Bf4+.
} 31. Kf1 Nd7 32. Bh2 Bd8 33. Bg3 (33. Bd6 $17 {was worth a try.}) 33...
Bc7 $19 34. f4 Nc5 35. Kg2 Ba5 36. Rh1 Bd2 ({Better is} 36... Ne4 $19 37. Bd1 Bd2) 37. Bd1 Ne4 {
[%emt 0:01:25][%cal Yd2e3] aiming for ...Bxe3!} 38. Rh3 c5 ({Black should try} 38... Kc7 $19 {Strongly threatening ...Rb8.
} 39. Kf3 Kb6) 39. Rh5 $2 (39. Bc2 $17) 39... Bxe3 $1 40. Rxd5 $2 (40. Bc2 Nf6 41. Rh6) 40... Bxf2 41. Kf3 Nc3 ({Worse is} 41...
Bxg3 42. Kxe4 Bf2 43. Bh5 $17) ({And not} 41... Nxg3 42. Kxf2 Kb7 43. Rd7+ Kb6
44. Bf3 $17) 42. Bxf2 Nxd5 43. Bxc5 {[%emt 0:
00:14] Endgame KRN-KB} Kc7 44. a4 a5 45. Bd4 Kd6 46. Bc2 f6 47. Be4 Rb8 {[%emt 0:00:13] And
now ...c3 would win.} 48. Bxd5 Kxd5 {[%emt 0:00:08] Black
mates.} 49. Bxf6 {[%emt 0:00:06] KR-KB} c3 50. Ke3 Kc4 51. Ke2 Rb2+ 52. Ke3 Rh2 53. f5 c2 {[%emt 0:00:14] Weighted Error Value: White=0.47/Black=0.16 (very
precise)} 0-1

[Event "44th Chess Olympiad Open 2022"]
[Site "Chennai"]
[Date "2022.08.01"]
[Round "4.42"]
[White "Sulaiman, Ahmad Ashrafi"]
[Black "Wong, Zhenyong Jayden"]
[Result "0-1"]
[WhiteElo "1953"]
[BlackElo "2163"]
[Annotator "NA RC"]
[PlyCount "78"]
[EventDate "2022.??.??"]
[TimeControl "60"]

1. d4 d5 2. Bf4 c5 3. e3 Nc6 4. c3 Qb6 5. Qc2 Nf6 6. Nd2 Nh5 7. Bg5 h6 8. Bh4 g5 9. Be2 cxd4 10. Bxh5 dxe3 11. Bg3 exd2+ 12. Qxd2 d4 13. Ne2 Bg7 14. O-O O-O 15. Kh1 e5 16. cxd4 Nxd4 17. h4 g4 18. Nxd4 Qxd4 19. Qe2 e4 20. Rab1 Be6 21. b3 f5 22. Rfd1 Qf6 23. Rd6 Rad8 24. Rbd1 Rxd6 25. Rxd6 f4 26. Rxe6 Qxe6 27. Bxg4 Qa6 28. Qxa6 bxa6 29. Bh2 Bd4 30. Bg1 e3 31. fxe3 fxe3 32. Be6+ Kh7 33. Bc4 Rc8 34. Bd3+ Kg7 35. Bc4 Kg6 36. Bh2 e2 37. Bg3 Rxc4 38. bxc4 Bc3 39. Kh2 Be5 0-1